AoeStats
← AiM | Alexander the conqueror

Arabia

510367502Analyzed
1v1 RM · 2d ago on Sep 30, 2026· 42m 31s· 2 players
Game mode
Random Map
Map size
Tiny (2 player)
Population
200
Speed
Normal
Resources
Standard
Victory
Conquest
Starting age
Dark Age
Ending age
Imperial Age
RankedLock teamsTeams togetherTeam positionsShared explorationLock speedFull tech treeHidden civsTurbo modeCheats
Victory
Defeat
🇮🇹 Portuguese · Italy
1947
+13
1871
-13
AiM | Alexander the conqueror
6:30 Loom
9:17 Feudal Age
9:20 Man-at-Arms
9:49 Double-Bit Axe
14:52 Fletching
22:06 Castle Age
19:52 Horse Collar
20:53 Bloodlines
21:20 Scale Barding Armor
23:43 Chain Barding Armor
23:57 Husbandry
24:39 Bow Saw
25:28 Wheelbarrow
26:38 Town Watch
27:11 Forging
29:56 Gold Mining
30:22 Light Cavalry
38:03 Imperial Age
35:43 Stone Mining
37:37 Devotion
39:19 Plate Barding Armor
38:22 Cavalier
39:41 Vendel Legacy
OS+ | 青田龙
6:26 Loom
8:45 Feudal Age
12:05 Double-Bit Axe
13:18 Horse Collar
16:07 Fletching
22:27 Castle Age
21:08 Forging
21:15 Gold Mining
22:16 Bloodlines
22:32 Crossbowman
23:12 Bodkin Arrow
24:26 Bow Saw
25:34 Padded Archer Armor
26:40 Heavy Plow
29:25 Wheelbarrow
34:03 Imperial Age
32:01 Sanctity
31:42 Devotion
32:38 Ballistics
32:24 Thumb Ring
33:50 Town Watch
34:31 Stone Mining
34:46 Bracer
35:48 Chemistry
34:17 Arbalester
36:21 Hand Cart
38:30 Conscription
39:34 Two-Man Saw
38:06 Onager
38:48 Pikeman
39:14 Arson
39:30 Scale Mail Armor
40:05 Iron Casting
40:07 Halberdier
41:01 Siege Engineers
40:38 Treadmill Crane
41:29 Leather Archer Armor
44:02 Blast Furnace
43:17 Chain Mail Armor
Connection lost

Rejoining the realm…

Still unreachable

The connection could not be restored.

Session expired

The server has moved on; the page needs a fresh start.